 Dungeon Crawl Stone Soup version 0.31.0-12-g77e489cdc1 (webtiles) character file.

Game seed: 9581245868485578000

886 monsoonserge the Ruffian (level 8, -1/50 HPs)
             Began as an Octopode Shapeshifter on Feb 25, 2024.
             Slain by a merfolk aquamancer
             ... wielding a +0 rapier
              (6 damage)
             ... on level 6 of the Dungeon.
             The game lasted 00:11:47 (3796 turns).

monsoonserge the Ruffian (Octopode Shapeshifter)    Turns: 3796, Time: 00:11:48

Health: -1/50      AC:  5    Str: 15    XL:     8   Next: 5%
Magic:  0/8        EV: 13    Int: 12    God:
Gold:   259        SH:  0    Dex: 12    Spells: 7/7 levels left

rFire   . .          .
                       - Unarmed
rCold   . . .        (no shield)
rNeg    + . .        (helmet currently unavailable)
rPois   .            h - amulet of guardian spirit
rElec   .            g - +4 ring of protection
rCorr   .            j - ring of positive energy
SInv    .            y - ring of willpower
Will    +....        (no ring)
Stlth   ++++         (no ring)
HPRegen 0.28/turn    (no ring)
MPRegen 0.11/turn    (no ring)
                     (no ring)

%: guardian spirit
@: beast-form
A: beast (slay +2), almost no armour, amphibious, 8 rings, camouflage 1,
gelatinous body 1, nimble swimmer 1, tentacles
a: Begin Untransformation


You were on level 6 of the Dungeon.
You were a hulking beast.
You visited 2 branches of the dungeon, and saw 7 of its levels.

You collected 279 gold pieces.
You spent 20 gold pieces at shops.

Inventory:

Missiles
 t - 11 poisoned darts (quivered)
Jewellery
 g - a +4 ring of protection (left tentacle)
 h - an amulet of guardian spirit (around mantle)
 j - a ring of positive energy (right tentacle)
 r - an amulet of regeneration
 y - a ring of willpower (on tentacle)
Talismans
 b - a beast talisman
 c - a flux talisman
Scrolls
 d - a scroll of silence {unknown}
 e - a scroll of amnesia {unknown}
 k - 4 scrolls of vulnerability
 l - 5 scrolls of identify {unknown}
 m - a scroll of enchant armour {unknown}
 n - 2 scrolls of fog
 o - a scroll of teleportation
 q - a scroll of brand weapon {unknown}
 s - a scroll of fear {unknown}
 u - a scroll of torment {unknown}
 z - a scroll of butterflies {unknown}
Potions
 a - 3 potions of lignification
 f - 2 potions of enlightenment {unknown}
 p - a potion of cancellation {unknown}
 v - a potion of haste {unknown}
 w - a potion of heal wounds {unknown}
 x - 2 potions of attraction {unknown}


   Skills:
 + Level 1.8 Fighting
 - Level 3.0 Dodging
 - Level 4.0 Stealth
 + Level 7.8 Unarmed Combat
 * Level 4.0 Shapeshifting


You had 7 spell levels left.
You didn't know any spells.
Your spell library contained the following spells:

 Spells                   Type           Power      Damage    Failure   Level
 Foxfire                  Conj/Fire      0%         2x1d4     32%         1
 Freeze                   Ice            0%         1d3       32%         1
 Necrotise                Necr           0%         1d4       32%         1
 Slow                     Hex            0%         N/A       32%         1
 Sting                    Conj/Alch      0%         1d3       32%         1
 Mercury Vapours          Alch/Air       0%         N/A       45%         2
 Confusing Touch          Hex            0%         N/A       69%         3
 Frozen Ramparts          Ice            0%         1d1       69%         3
 Hailstorm                Conj/Ice       0%         3d5       69%         3
 Sigil of Binding         Hex            0%         N/A       69%         3
 Vampiric Draining        Necr           0%         2d6       69%         3
 Martyr's Knell           Necr/Summ      0%         N/A       97%         4
 Olgreb's Toxic Radiance  Alch           0%         N/A       97%         4
 Curse of Agony           Necr           0%         N/A       100%        5
 Plasma Beam              Fire/Air       0%         2x1d10    100%        6
 Starburst                Conj/Fire      0%         6d3       100%        6


Dungeon Overview and Level Annotations

Branches:
Dungeon (6/15)             Temple (1/1) D:4

Altars:
Dithmenos
Elyvilon
Fedhas
Hepliaklqana
Kikubaaqudgha
Makhleb
Nemelex Xobeh
Qazlal
Ru
Sif Muna
Uskayaw
Vehumet
Wu Jian
Yredelemnul
Zin


Innate Abilities, Weirdness & Mutations

You are a hulking beast.
Your limbs bulge with bestial killing power. (Slay +2)
You cannot wear most types of armour.
You are amphibious.
You can wear up to eight rings at the same time.
Your skin changes colour to match your surroundings (Stealth+).
Your rubbery body absorbs attacks. (AC +1, EV +1)
You are camouflaged when in or above water. (Stealth+)
You have tentacles for arms and can constrict up to eight enemies at once.


Message History

The hound barks!
As you read the scroll labelled BEANUTS IROE, it crumbles to dust.
You feel strangely unstable.
It was a scroll of teleportation.
You hear a howl!
The ice beast closely misses you. The hound bites you.
You tentacle-slap the ice beast.
The ice beast is lightly wounded.
The hound bites you. The ice beast misses you.
Unknown command.
You tentacle-slap the ice beast. You squeeze the ice beast.
The ice beast is moderately wounded.
The hound bites you. The howler monkey closely misses you.
The ice beast hits you. The ice beast freezes you!
* * * LOW HITPOINT WARNING * * *
The hound barely misses you.
Unknown command.
You feel better. The howler monkey closely misses you.
The hound closely misses you. The ice beast hits you.
The ice beast freezes you!
* * * LOW HITPOINT WARNING * * *
Unknown command.
You feel better. The hound closely misses you.
The howler monkey barely misses you.
The ice beast hits you but does no damage.
The hound barely misses you.
You closely miss the hound. Your grab misses the hound.
Your squeeze misses the hound.
Your surroundings suddenly seem different.
Floosh!
You fall into the deep water.
A water nymph, 2 snapping turtles, 4 merfolk and 2 sea snakes come into view.
The merfolk shouts!
The merfolk aquamancer shouts!
The merfolk shouts! x2
The snapping turtle hisses angrily.
The sea snake hisses angrily.
The merfolk throws a boomerang.
The boomerang hits you.
* * * LOW HITPOINT WARNING * * *
A water elemental comes into view.
The merfolk hits you with a +0 trident!
* * * LOW HITPOINT WARNING * * *
The merfolk aquamancer hits you with a +0 rapier.
You die...

#...# #.###
#####.# #.#
#t≈≈#.# #####.#
#~m≈#.# ##.....#
#m~.#.####..#####
#≈t≈#.##...#####
#S≈≈#..>#.#....#
#m≈≈##..#^#....#
#≈hm##..#8#....#
#..≈##..#^#....#
#m≈≈##..#.#....#
#.≈≈###.#...####
#≈.≈# #.#####
#.S≈# ..# #≈.≈#
#E.≈#


You could see 2 sea snakes, a merfolk aquamancer, 2 snapping turtles, 3 merfolk,
a water elemental and a water nymph (wandering).

Vanquished Creatures
  A black bear (D:6)
  A phantom (D:6)
  3 scorpions (D:4)
  A jelly (D:5)
  A hound (D:4)
  2 gnoll boudas
  A sleepcap (D:5)
  Natasha (twice) (D:3)
  3 iguanas
  An orc wizard (D:4)
  8 gnolls
  7 adders
  A white imp (D:4)
  4 dart slugs
  2 ribbon worms
  8 orcs
  9 ball pythons
  11 endoplasms
  2 giant cockroaches
  7 goblins
  8 hobgoblins
  4 jackals (D:2)
  6 kobolds
  5 quokkas
  5 bats
  3 frilled lizards
  5 rats
111 creatures vanquished.

Notes
Turn   | Place    | Note
-------+----------+-------------------------------------------
     0 | D:1      | monsoonserge the Octopode Shapeshifter began the quest for
                  | the Orb.
     0 | D:1      | Reached XP level 1. HP: 13/13 MP: 1/1
   100 | D:1      | Reached XP level 2. HP: 18/18 MP: 2/2
   534 | D:1      | Reached skill level 4 in Unarmed Combat
   534 | D:1      | Reached XP level 3. HP: 23/23 MP: 3/3
   874 | D:2      | Reached skill level 1 in Stealth
   941 | D:2      | Reached XP level 4. HP: 28/28 MP: 4/4
  1233 | D:2      | Found a faded altar of an unknown god.
  1555 | D:3      | Found a white marble altar of Elyvilon.
  1649 | D:3      | Identified the +1 war axe "Ixkynk" {drain, ^Fragile rPois
                  | rN+++ Int+2}
  1699 | D:3      | Found a hide-covered altar of Uskayaw.
  1699 | D:3      | Found a sacrificial altar of Ru.
  1787 | D:3      | Noticed Natasha
  1794 | D:3      | Killed Natasha
  1795 | D:3      | Reached skill level 5 in Unarmed Combat
  1795 | D:3      | Reached XP level 5. HP: 14/33 MP: 1/5
  2093 | D:3      | Noticed Natasha
  2098 | D:3      | Killed Natasha
  2235 | D:4      | Found a staircase to the Ecumenical Temple.
  2240 | Temple   | Entered the Ecumenical Temple
  2278 | D:4      | Reached XP level 6. HP: 20/38 MP: 4/6
  2290 | D:4      | Reached skill level 6 in Unarmed Combat
  2956 | D:5      | Entered Level 5 of the Dungeon
  3029 | D:5      | Reached XP level 7. HP: 43/43 MP: 7/7
  3161 | D:5      | Found a burning altar of Makhleb.
  3255 | D:5      | Found Veaqeul's CLEARANCE SALE!.
  3262 | D:5      | Bought a scroll of vulnerability for 20 gold pieces
  3374 | D:5      | Reached skill level 7 in Unarmed Combat
  3519 | D:5      | Found a hazy altar of Hepliaklqana.
  3520 | D:5      | Found a shadowy altar of Dithmenos.
  3520 | D:5      | Noticed a shadow
  3752 | D:6      | Reached XP level 8. HP: 48/50 MP: 6/8
  3796 | D:6      | Noticed a snapping turtle
  3796 | D:6      | Noticed a merfolk
  3796 | D:6      | Noticed a water nymph
  3796 | D:6      | Noticed a snapping turtle
  3796 | D:6      | Noticed a merfolk aquamancer
  3796 | D:6      | Noticed a sea snake
  3796 | D:6      | Noticed a merfolk
  3796 | D:6      | Noticed a merfolk
  3796 | D:6      | Noticed a sea snake
  3796 | D:6      | Noticed a water elemental
  3796 | D:6      | Slain by a merfolk aquamancer

Illustrated notes

Levels and vault maps discovered:
D:1:      roadster_arrival_rocket_large, layout_loops_corners
D:2:      layout_loops_ring, hellmonk_ecumenical_altar_prayer_group
D:3:      layout_basic, nicolae_elyvilon_peaceful_grove,
          grunt_temple_overflow_open, uniq_natasha
D:4:      layout_loops_cross, temple_doors_e, hangedman_decor_push,
          serial_bayou_ford_a
D:5:      layout_rooms, riverfiend_overflow_shadow_ancestor,
          mainiacjoe_overflow_surrounded_room, nicolae_shop_clearance
D:6:      layout_basic, grunt_ashenzari_visionary
          [grunt_ashenzari_visionary_shoals, grunt_ashenzari_visionary_spider],
          ebering_dispersal_statue_hall, columned_hall_lemuel,
          hangedman_decor_clover_reticule, minmay_fire_ice_demons
Temple:   jpeg_temple_island

Skill      XL: |  1  2  3  4  5  6  7  8 |
---------------+-------------------------+-----
Unarmed Combat | 4 5 6 7 |  7.8
Stealth        | 1 2 3 4 |  4.0
Dodging        | 3 |  3.0
Shapeshifting  | 4 |  4.0
Fighting       | |  1.8

Action                     |  1- 3 |  4- 6 |  7- 9 || total
---------------------------+-------+-------+-------++-------
  Melee: Unarmed           |    52 |   114 |    51 ||   217
         Tentacles         |    15 |    20 |    12 ||    47
         Constrict         |     9 |    26 |    15 ||    50
         Punch             |       |     6 |     2 ||     8
    Use: Potion            |       |     2 |     2 ||     4
         Scroll            |       |       |     2 ||     2
   Stab: Sleeping          |    12 |    13 |     2 ||    27
 Armour: Skin              |     8 |    58 |    29 ||    95
  Dodge: Dodged            |    21 |    54 |    29 ||   104
